 Dungeon Crawl Stone Soup version 0.30-a0-358-g0d69a1922f (webtiles) character file.

Game seed: 10597935608851578951

119 mopl the Vexing (level 5, 0/33 HPs)
             Began as an Octopode Hexslinger on Nov 10, 2022.
             Was a Believer of Makhleb.
             Slain by Pikel
             ... wielding a +0 whip of freezing
              (6 damage)
             ... on level 3 of the Dungeon.
             The game lasted 00:05:24 (2335 turns).

mopl the Vexing (Octopode Hexslinger)               Turns: 2335, Time: 00:05:25

Health: 0/33       AC:  1    Str: 15    XL:     5   Next: 3%
Magic:  5/8        EV: 17    Int: 16    God:    Makhleb [**....]
Gold:   133        SH:  0    Dex: 16    Spells: 2/8 levels left

rFire   + . .      SeeInvis +    p - +0 short sword (flame)
rCold   . . .      Faith    .    (no shield)
rNeg    . . .      Spirit   .    (helmet restricted)
rPois   .          Reflect  .    (no amulet)
rElec   .          Harm     .    l - +4 ring of evasion
rCorr   .          Rampage  .    q - +6 ring of strength
Will    .....                    (no ring)
Stlth   ++........               (no ring)
HPRegen 0.25/turn                (no ring)
MPRegen 0.11/turn                (no ring)
                                 (no ring)
                                 (no ring)

@: very slightly contaminated
A: almost no armour, amphibious, 8 rings, camouflage 1, gelatinous body 1,
(nimble swimmer 1), tentacles, see invisible, agile 1, fire resistance 1
a: Renounce Religion, Minor Destruction


You were on level 3 of the Dungeon.
You worshipped Makhleb.
Makhleb was pleased with you.
You visited 1 branch of the dungeon, and saw 4 of its levels.

You collected 133 gold pieces.

Inventory:

Hand Weapons
 a - a +1 sling
 p - a +0 short sword of flaming (weapon)
Missiles
 d - 5 poisoned darts (quivered)
 n - a throwing net
Jewellery
 l - a +4 ring of evasion (left tentacle)
 q - a +6 ring of strength (right tentacle)
 r - an amulet of faith {!P}
Scrolls
 b - a scroll of poison
 k - a scroll of summoning {unknown}
 m - a scroll of fear {unknown}
Potions
 c - a potion of attraction
 h - a potion of curing
 i - 2 potions of mutation {!q}
 j - 2 potions of flight
 o - a potion of haste


   Skills:
 + Level 1.3 Fighting
 * Level 3.5 Ranged Weapons
 + Level 2.2 Dodging
 - Level 2.0 Spellcasting
 + Level 3.5 Hexes
 + Level 0.8 Translocations
 + Level 0.8 Invocations


You had 2 spell levels left.
You knew the following spells:

 Your Spells              Type           Power      Damage    Failure   Level
a - Slow                  Hex            52%        N/A       4%          1
e - Blink                 Tloc           8%         N/A       22%         2
f - Portal Projectile     Hex/Tloc       16%        N/A       26%         3

Your spell library contained the following spells:

 Spells                   Type           Power      Damage    Failure   Level
 Momentum Strike          Conj/Tloc      4%         3d8       26%         2
 Inner Flame              Hex/Fire       7%         N/A       30%         3
 Gell's Gravitas          Tloc           4%         N/A       41%         3
 Lesser Beckoning         Tloc           8%         N/A       41%         3
 Teleport Other           Tloc           4%         N/A       41%         3
 Cause Fear               Hex            6%         N/A       43%         4


Dungeon Overview and Level Annotations

Branches:
Dungeon (4/15)
 Temple: D:4-7

Altars:
Makhleb
Wu Jian

Shops:
D:1 (

Annotations:
D:3 Pikel


Innate Abilities, Weirdness & Mutations

You cannot wear most types of armour.
You are amphibious.
You can wear up to eight rings at the same time.
Your skin changes colour to match your surroundings (Stealth+).
Your rubbery body absorbs attacks. (AC +1, EV +1)
((You are camouflaged when in or above water. (Stealth+)))
You have tentacles for arms and can constrict up to eight enemies at once.
You have supernaturally acute eyesight. (SInv)
You are agile. (Dex +4, Str/Int -1)
Your flesh is heat resistant. (rF+)


Message History

Aiming: Slow (safe; 4% risk of failure)
Press: ? - help, Shift-Dir - straight line, f/p - Pikel
Aim: Pikel, wielding a +0 whip of freezing and wearing a +2 robe of cold resistance (moderately wounded, chance to affect: 47%) Pikel resists with some effort.
Pikel says, "I knew I should've brought a map."
Unknown command.
Casting: Slow (safe; 4% risk of failure)
Confirm with . or Enter, or press ? or * to list all spells.
Aiming: Slow (safe; 4% risk of failure)
Press: ? - help, Shift-Dir - straight line, f/p - Pikel
Aim: Pikel, wielding a +0 whip of freezing and wearing a +2 robe of cold resistance (lightly wounded, chance to affect: 47%)
You miscast Slow.
You are very lightly contaminated with residual magic.
Nothing appears to happen.
Pikel barely misses you.
Casting: Slow (safe; 4% risk of failure)
Confirm with . or Enter, or press ? or * to list all spells.
Aiming: Slow (safe; 4% risk of failure)
Press: ? - help, Shift-Dir - straight line, f/p - Pikel
Aim: Pikel, wielding a +0 whip of freezing and wearing a +2 robe of cold resistance (lightly wounded, chance to affect: 47%) Pikel seems to slow down.
Unknown command.
Your +0 short sword of flaming bursts into flame!
p - a +0 short sword of flaming (weapon)
Pikel hits you with a +0 whip of freezing!
Pikel freezes you.
You hit Pikel but do no damage. You grab Pikel.
Pikel is lightly wounded.
You constrict Pikel. You barely miss Pikel.
Pikel is moderately wounded.
You constrict Pikel, but do no damage.
Pikel hits you with a +0 whip of freezing.
Pikel freezes you.
You hit Pikel but do no damage. You squeeze Pikel!
Pikel is heavily wounded.
You constrict Pikel.
Pikel hits you with a +0 whip of freezing!
* * * LOW HITPOINT WARNING * * *
Pikel freezes you.
You die...

# ## ###### ####.
#....####..'.
#....'....##.
#....#######.
##################....#
#.
#............@K....>###
#.
##.################.#
#. #.# ######### #.# ##
#.# #.......# #.#
#.#####.#####.# #.#
#.....#.#..<#.# #.#
######.#.#.#.#.# #.#
#<...#.#.#.###.# #.#
####.#.#.#.....# #.#


You could see Pikel (slow).

Vanquished Creatures
  Jessica (D:3)
  A gnoll (D:1)
  3 adders
  3 dart slugs (D:1)
  2 worms (D:2)
  7 ball pythons
  An endoplasm (D:2)
  4 goblins
  8 hobgoblins
  2 jackals (D:2)
  5 kobolds
  4 bats
  3 frilled lizards
  4 rats (D:2)
48 creatures vanquished.

Notes
Turn   | Place    | Note
-------+----------+-------------------------------------------
     0 | D:1      | mopl the Octopode Hexslinger began the quest for the Orb.
     0 | D:1      | Reached XP level 1. HP: 13/13 MP: 2/2
    93 | D:1      | Reached XP level 2. HP: 7/18 MP: 3/3
   301 | D:1      | Reached XP level 3. HP: 11/23 MP: 3/5
   377 | D:1      | Found a faded altar of an unknown god.
   384 | D:1      | Prayed at the altar of an unknown god.
   384 | D:1      | Became a worshipper of Makhleb the Destroyer
   384 | D:1      | Reached * piety under Makhleb
   508 | D:1      | Found Immaics's Weapon Shoppe.
   878 | D:2      | Learned a level 2 spell: Blink
   911 | D:2      | Reached skill level 3 in Ranged Weapons
  1104 | D:2      | Reached XP level 4. HP: 27/28 MP: 6/6
  1176 | D:2      | Reached ** piety under Makhleb
  1348 | D:3      | Learned a level 3 spell: Portal Projectile
  1608 | D:3      | Found an ornate altar of the Wu Jian Council.
  1637 | D:3      | Noticed Jessica
  1642 | D:3      | HP: 1/28 [Jessica/nerve-wracking pain (14)]
  1645 | D:3      | Gained mutation: You sometimes lose your temper in combat.
                  | [potion of mutation]
  1653 | D:3      | HP: 1/28 [Jessica/+0 dagger (3)]
  1656 | D:3      | Killed Jessica
  1657 | D:3      | Reached skill level 2 in Spellcasting
  1657 | D:3      | Reached XP level 5. HP: 2/33 MP: 3/8
  1782 | D:3      | Lost mutation: You sometimes lose your temper in combat.
                  | [potion of mutation]
  1782 | D:3      | Gained mutation: You are agile. (Dex +4, Str/Int -1)
                  | [potion of mutation]
  1782 | D:3      | Gained mutation: Your flesh is heat resistant. (rF+)
                  | [potion of mutation]
  1782 | D:3      | Gained mutation: You have supernaturally acute eyesight.
                  | (SInv) [potion of mutation]
  2136 | D:4      | Noticed Pikel
  2136 | D:4      | Noticed a lemure
  2136 | D:4      | Noticed a lemure
  2136 | D:4      | Noticed a lemure
  2136 | D:4      | Noticed a lemure
  2335 | D:3      | Slain by Pikel

Illustrated notes

Levels and vault maps discovered:
D:1:      psy_arrival_fountain, layout_loops_ring, serial_shops,
          nicolae_shop_bloodbath_and_beyond, basic_ecumenical_altar,
          columned_hall_lemuel, minmay_misc_feat_secret_circle
D:2:      kennysheep_big_flooded_room, layout_rooms
D:3:      layout_basic, nicolae_wu_jian_wuxing_cycle, hangedman_decor_riveting,
          uniq_jessica
D:4:      minmay_angry_zag, layout_rooms, serial_glass, glass_columns_c,
          glass_columns_a, uniq_pikel

Skill      XL: |  1  2  3  4 |
---------------+-------------+-----
Ranged Weapons | 3 |  3.5
Spellcasting   | 2 |  2.0
Fighting       | |  1.3
Dodging        | |  2.2
Hexes          | |  3.5
Translocations | |  0.8
Invocations    | |  0.8

Action                   |  1- 3 |  4- 6 || total
-------------------------+-------+-------++-------
Melee: Short sword       |       |     7 ||     7
       Constrict         |       |     2 ||     2
       Tentacles         |       |     1 ||     1
 Fire: Sling             |   126 |    78 ||   204
Throw: Dart              |       |     1 ||     1
 Cast: Slow              |     3 |    11 ||    14
       Blink             |       |     1 ||     1
  Use: Potion            |       |     7 ||     7
       Scroll            |       |     5 ||     5
Armor: Skin              |     6 |     2 ||     8
Dodge: Dodged            |    42 |    38 ||    80

Table legend: (Time is in decaauts)
 A = Elapsed time spent in this place.
 B = Non-inter-level travel time spent in this place.
 C = Inter-level travel time spent in this place.
 D = Time resting spent in this place.
 E = Time spent auto-exploring this place.
 F = Levels seen in this place.
 G = Mean time per level.
                   A        B        C        D        E       F      G
               +--------+--------+--------+--------+--------+-----+--------+
         Total |   2383 |   2291 |     92 |    386 |   1381 |   4 |  595.8 |
       Dungeon |   2383 |   2291 |     92 |    386 |   1381 |   4 |  595.8 |
               +--------+--------+--------+--------+--------+-----+--------+

Top non-repeatable levels by time:
     D:3: 996 daAuts
     D:1: 820 daAuts
     D:2: 565 daAuts
     D:4: 1 daAuts
